Map: 팔라디노 터미널 - 래더

Players

jjakji

  • Race: Terran Terran
  • Spawn Location: 9:00

Stats - Winner!

  • Race: Protoss Protoss
  • Spawn Location: 5:00

Event: IEM XI Katowice - World Championship 2017

VOD

Have the link to the VOD?

Description

Time

  • Played on: March 2, 2017, 12:26 p.m.
  • Length: 10:58

All games in this series

Show
View Real Time Build Order
Export as new Build Order

jjakji Terran 

Build Orders: Cyclone Opening, MMM Bio 

Get SALT Encoding   

  12  0:00  SCV  
  13  0:12  SCV  
  14  0:18  Supply Depot  
  14  0:24  SCV  
  15  0:41  Barracks  
  15  0:43  Refinery  
  15  0:47  SCV  
  16  0:55  Refinery  
  16  0:59  SCV  
  17  1:12  SCV  
  19  1:28  Reaper, Orbital Command  
  19  1:42  Factory  
  19  1:54  SCV  
  19  1:57  Supply Depot  
  20  2:07  SCV  
  21  2:19  SCV  
  22  2:26  Cyclone  
  25  2:33  Starport  
  25  2:35  SCV  
  26  2:47  SCV  
  27  2:51  Supply Depot  
  27  3:13  SCV, Cyclone  
  31  3:20  Supply Depot  
  31  3:36  SCV  
  31  3:41  Viking  
  33  3:48  SCV  
  33  3:52  Cyclone  
  33  3:54  Supply Depot  
  37  4:00  SCV  
  38  4:04  Barracks Reactor  
  38  4:13  SCV  
  39  4:18  Command Center  
  39  4:28  SCV, Barracks  
  40  4:35  Starport Tech Lab  
  40  4:40  SCV  
  40  4:43  Factory Tech Lab  
  41  4:53  SCV  
  41  4:56  Marine x2  
  43  5:02  Barracks  
  43  5:03  Starport Reactor  
  43  5:05  SCV  
  44  5:17  SCV  
  40  5:24  Marine  
  40  5:25  Marine  
  40  5:26  Siege Tank  
  42  5:29  SCV  
  42  5:33  Bunker  
  42  5:34  Supply Depot  
  40  5:36  Marine  
  40  5:42  Marine, Orbital Command  
  41  5:48  Stimpack  
  42  5:55  Marine, Starport Reactor  
  42  5:56  Marine  
  44  6:01  Marine x2  
  45  6:04  SCV  
  45  6:08  Marine  
  47  6:13  Marine  
  47  6:14  Marine  
  49  6:19  Marine x2  
  49  6:20  Engineering Bay  
  49  6:23  SCV x2  
  53  6:29  Marine  
  53  6:31  Marine x2  
  56  6:34  Factory Reactor  
  56  6:35  SCV  
  56  6:36  Marine, Medivac  
  60  6:40  Medivac  
  60  6:44  Supply Depot  
  62  6:47  Missile Turret  
  62  6:49  Terran Infantry Weapons Level 1  
  62  6:54  SCV x2  
  63  6:55  Marine  
  63  6:56  Marine x2  
  63  6:58  Marine  
  68  7:04  Supply Depot  
  68  7:06  Missile Turret  
  68  7:09  Marine  
  68  7:13  Marine x2  
  68  7:14  Marine  
  72  7:17  SCV  
  72  7:18  SCV  
  72  7:21  Supply Depot  
  76  7:28  Marine x2  
  69  7:31  Marine x2  
  69  7:32  Marine  
  71  7:40  Medivac x2  
  73  7:45  Marine  
  73  7:48  Barracks x2, Factory Reactor  
  73  7:49  Combat Shields  
  74  7:52  Marine x2  
  74  7:55  Marine x2  
  74  8:02  Refinery  
  74  8:03  Refinery  
  74  8:05  Marine  
  74  8:10  Marine x2  
  77  8:13  Marine  
  77  8:14  Marauder, SCV x2  
  77  8:17  Medivac  
  77  8:18  Supply Depot  
  77  8:19  Medivac  
  86  8:23  Marine  
  87  8:28  Marine x2  
  87  8:31  Marine  
  87  8:32  Ghost Academy  
  90  8:38  Marauder  
  90  8:41  Marine  
  92  8:42  Marauder  
  92  8:44  Marine x2  
  97  8:51  Supply Depot  
  97  8:54  Supply Depot  
  97  8:56  Marine  
  97  8:57  Marine x2  
  100  9:04  Marine x2  
  102  9:11  Marine  
  102  9:12  Ghost  
  104  9:23  Ghost  
  106  9:25  Supply Depot x2  
  106  9:27  Marine x4  
  110  9:33  Marine x2  
  110  9:37  Liberator x2  
  112  9:38  Widow Mine  
  112  9:39  Widow Mine  
  112  9:40  Marine  
  112  9:45  Marine  
  116  9:51  Concussive Shells  
  116  9:55  Supply Depot  
  122  10:00  Marine x3  
  122  10:02  Marine  
  122  10:03  Marine  
  122  10:04  Marine  
  128  10:19  Marine x5  
  128  10:20  Marine  
  106  10:36  Marine x2  
  106  10:37  Marine x3  
  106  10:38  Marine  
Show
View Real Time Build Order
Export as new Build Order

Stats Protoss - Winner!

Build Orders: Oracle Opening, Phoenix Opening 

Get SALT Encoding   

  12  0:09  Pylon  
  12  0:13  Probe (Chrono Boost)  
  13  0:24  Probe (Chrono Boost)  
  14  0:30  Gateway  
  14  0:35  Probe (Chrono Boost)  
  15  0:41  Assimilator  
  15  0:46  Probe (Chrono Boost)  
  16  0:56  Probe (Chrono Boost)  
  17  1:07  Probe (Chrono Boost)  
  18  1:17  Cybernetics Core, Probe (Chrono Boost)  
  18  1:18  Zealot  
  21  1:26  Pylon  
  21  1:29  Probe (Chrono Boost)  
  22  1:40  Probe (Chrono Boost)  
  22  1:41  Assimilator  
  23  1:53  Adept  
  23  1:55  Mothership Core (Chrono Boost)  
  27  2:14  Probe (Chrono Boost)  
  28  2:18  Warp Gate  
  28  2:23  Pylon  
  28  2:27  Probe (Chrono Boost)  
  28  2:44  Nexus  
  28  2:54  Stargate  
  29  2:58  Probe (Chrono Boost)  
  29  3:09  Probe (Chrono Boost)  
  29  3:12  Pylon  
  30  3:19  Probe (Chrono Boost)  
  31  3:29  Pylon  
  31  3:30  Probe (Chrono Boost)  
  31  3:32  Adept  
  34  3:36  Phoenix  
  36  3:44  Probe (Chrono Boost)  
  37  3:56  Oracle  
  37  3:58  Probe (Chrono Boost)  
  37  4:00  Probe (Chrono Boost)  
  42  4:10  Pylon  
  42  4:15  Probe (Chrono Boost)  
  42  4:16  Probe (Chrono Boost)  
  44  4:19  Gateway  
  44  4:29  Phoenix  
  44  4:31  Probe x2 (Chrono Boost)  
  46  4:36  Adept  
  50  4:42  Probe (Chrono Boost)  
  50  4:44  Probe (Chrono Boost)  
  52  4:51  Phoenix  
  52  4:52  Probe (Chrono Boost)  
  53  4:56  Probe (Chrono Boost)  
  56  5:00  Adept  
  56  5:03  Probe (Chrono Boost)  
  60  5:07  Pylon  
  60  5:08  Probe (Chrono Boost)  
  60  5:14  Phoenix  
  60  5:19  Probe (Chrono Boost)  
  60  5:21  Probe (Chrono Boost)  
  60  5:35  Nexus, Phoenix  
  60  5:37  Pylon  
  60  5:38  Probe (Chrono Boost)  
  60  5:40  Probe (Chrono Boost)  
  64  5:50  Assimilator, Probe (Chrono Boost)  
  64  5:51  Assimilator  
  64  5:52  Probe (Chrono Boost)  
  64  5:53  Gateway  
  66  6:05  Phoenix  
  66  6:06  Twilight Council, Probe (Chrono Boost)  
  66  6:08  Probe (Chrono Boost)  
  66  6:09  Forge  
  70  6:16  Adept, Sentry  
  74  6:21  Pylon  
  74  6:28  Phoenix  
  74  6:30  Protoss Ground Weapons Level 1  
  74  6:31  Resonating Glaives  
  74  6:32  Gateway x2  
  77  6:48  Probe x2 (Chrono Boost)  
  77  6:49  Probe (Chrono Boost)  
  79  6:54  Adept  
  79  6:55  Adept x2  
  79  6:58  Phoenix  
  85  7:04  Gateway  
  85  7:07  Robotics Facility  
  87  7:14  Gateway  
  87  7:16  Gateway  
  87  7:20  Probe x2 (Chrono Boost)  
  87  7:22  Probe (Chrono Boost)  
  90  7:33  Phoenix  
  92  7:41  Adept x3  
  92  7:42  Pylon  
  98  7:45  Pylon  
  98  7:46  Pylon  
  98  7:47  Pylon  
  98  7:59  Phoenix  
  100  8:08  Probe x3 (Chrono Boost)  
  103  8:14  Adept x8, Observer  
  103  8:15  Protoss Ground Armor Level 1  
  120  8:21  Pylon  
  120  8:24  Pylon  
  120  8:25  Phoenix  
  122  8:34  Warp Prism  
  122  8:36  Pylon  
  124  8:47  Adept x3  
  124  8:48  Adept  
  132  8:52  Adept  
  134  8:56  Pylon  
  134  8:57  Adept  
  136  9:20  Adept x3, Sentry x2  
  136  9:21  Adept x3  
  152  9:24  Assimilator  
  152  9:25  Assimilator  
  152  9:26  Templar Archives  
  152  9:27  Phoenix  
  154  9:42  Probe x3 (Chrono Boost)  
  157  9:47  Immortal  
  161  9:56  Adept x2  
  165  10:00  Pylon x2  
  165  10:01  Pylon  
  165  10:03  Pylon  
  165  10:20  High Templar x2  
  152  10:41  Adept x6  
  140  10:56  Adept x2  

Tags
 
Add a new tag
Caveats
  • Supply blocks, unpowered buildings, or Contaminate may cause inaccurate times.
  • Supply counts are checked every 10 seconds.